 Dungeon Crawl Stone Soup version 0.17-a0-1954-g0dddeaa (webtiles) character file.

538 Shim the Chopper (level 7, -1/58 HPs)
             Began as a Hill Orc Gladiator on Oct 4, 2015.
             Was a Follower of Beogh.
             Slain by a big kobold
             ... wielding a +1 short sword of electrocution
              (20 damage)
             ... in a sewer.
             The game lasted 00:30:06 (6463 turns).

Shim the Chopper (Hill Orc Gladiator)               Turns: 6463, Time: 00:30:06

Health: -1/58      AC:  4    Str: 18    XL:     7   Next: 26%
Magic:  9/9        EV: 10    Int:  8    God:    Beogh [*.....]
Gold:   124        SH:  9    Dex: 13    Spells: 0 memorised, 9 levels left

rFire  . . .     SeeInvis .     a - +0 war axe
rCold  . . .     Clarity  .     b - +0 leather armour
rNeg   . . .     SustAt   .     g - +0 shield
rPois  .         Gourm    .     c - +0 helmet
rElec  .         Spirit   .     (no cloak)
rCorr  .         Warding  .     (no gloves)
rMut   .         Stasis   .     (no boots)
MR     .....                    (no amulet)
Stlth  ++........               (no ring)
                                u - ring of flight

@: not resistant to hostile enchantments, unstealthy
A: no striking features
a: Renounce Religion, Evoke Flight


You were in a sewer.
You worshipped Beogh.
Beogh was aware of your devotion.
You were not hungry.

You visited 1 branch of the dungeon, and saw 4 of its levels.
You also visited: Sewer.

You collected 124 gold pieces.

Inventory:

Hand weapons
 a - a +0 war axe (weapon)
 d - a +0 vampiric scythe
 q - a +3 short sword of speed
 s - a +2 dagger of flaming
 w - a +0 trident
Missiles
 y - 3 tomahawks (quivered)
Armour
 b - a +0 leather armour (worn)
 c - a +0 helmet (worn)
 g - a +0 shield (worn)
 l - a +0 helmet
 p - a +0 ring mail
Jewellery
 u - a ring of flight (left hand)
Scrolls
 f - a scroll of enchant weapon {unknown}
 h - 2 scrolls of identify
 i - a scroll of noise {unknown}
 k - a scroll of magic mapping {unknown}
 m - 5 scrolls of teleportation
 o - a scroll of fear
 v - 2 scrolls of remove curse
 x - 2 scrolls of blinking {unknown}
 A - a scroll of enchant armour {unknown}
 B - a scroll of fog {unknown}
Potions
 r - a potion of curing {unknown}
Comestibles
 e - a bread ration
 n - a slice of pizza
 t - a meat ration
 z - a beef jerky


   Skills:
 + Level 3.7 Fighting
 - Level 0.2 Short Blades
 * Level 6.4 Axes
 + Level 0.7(3.3) Polearms
 + Level 2.0 Throwing
 + Level 2.5 Armour
 + Level 3.5 Dodging
 + Level 1.6 Stealth
 + Level 2.0 Shields
 * Level 1.6 Spellcasting


You had 9 spell levels left.
You didn't know any spells.

Dungeon Overview and Level Annotations

Branches:
Dungeon (4/15)
 Temple: D:4-7

Altars:
Ru


Message History

You closely miss the big kobold.
The big kobold is heavily wounded.
The big kobold hits you with a short sword of electrocution!
* * * LOW HITPOINT WARNING * * *
You closely miss the big kobold.
The big kobold is heavily wounded.
The big kobold splashes around in the water.
The big kobold hits you with a short sword of electrocution!
* * * LOW HITPOINT WARNING * * *
Drink which item? (? for menu, Esc to quit)
You feel much better.
The big kobold splashes around in the water.
You closely miss the big kobold.
The big kobold is heavily wounded.
The big kobold barely misses you.
You barely miss the big kobold.
The big kobold is heavily wounded.
The big kobold hits you with a short sword of electrocution.
You are electrocuted!
You die...

.≈. #≈# #≈# #≈# #####
##≈## ##...## ##...##
#≈..≈.####..≈≈≈#####.?
#...≈≈≈†≈K≈≈∩≈≈≈≈≈≈≈≈≈
#.(†..####@....#####..
##≈.(## ##≈≈.## ##(##
##≈####.## #≈# #≈# #≈#
#.?.# #≈# #≈# #≈#


?K! #≈# #≈# #≈# ≈?K #≈# #≈# ##≈## #≈# ##≈## ≈.≈ ##.≈.###≈###.≈.##
.≈..####.....##≈##≈≈...## You could see a big kobold.

Vanquished Creatures
  Sigmund (D:3)
  An ogre (D:4)
  An orc priest (D:3)
  An orc wizard (D:3)
  A hound (D:4)
  Terence (D:3)
  2 worker ants (D:4)
  5 adders
  A river rat (Sewer)
  A worm (D:2)
  3 giant geckos
  5 orcs (D:3)
  6 giant cockroaches
  10 goblins
  8 hobgoblins
  5 jackals
  14 kobolds
  A quokka (D:2)
  3 ball pythons
  8 bats
  4 giant newts
  8 rats
90 creatures vanquished.

Vanquished Creatures (others)
  A giant gecko (D:3)
  An orc (D:3)
2 creatures vanquished.

Grand Total: 92 creatures vanquished

Notes
Turn   | Place    | Note
--------------------------------------------------------------
     0 | D:1      | Shim the Hill Orc Gladiator began the quest for the Orb.
     0 | D:1      | Reached XP level 1. HP: 18/18 MP: 1/1
   386 | D:1      | Reached XP level 2. HP: 19/25 MP: 2/2
  1757 | D:2      | Reached XP level 3. HP: 30/30 MP: 3/3
  2719 | D:2      | Reached skill level 1 in Armour
  2980 | D:2      | Reached XP level 4. HP: 29/37 MP: 4/4
  3216 | D:2      | HP: 1/37 [poisoned by an adder]
  3224 | D:2      | Reached skill level 5 in Axes
  3725 | D:3      | Noticed Terence
  3736 | D:3      | Killed Terence
  3736 | D:3      | Reached skill level 1 in Shields
  3861 | D:3      | Noticed Sigmund
  3912 | D:3      | Killed Sigmund
  3912 | D:3      | Reached skill level 1 in Stealth
  3912 | D:3      | Reached skill level 1 in Spellcasting
  3912 | D:3      | Reached XP level 5. HP: 31/45 MP: 4/6
  3912 | D:3      | Reached XP level 6. HP: 35/51 MP: 4/7
  4126 | D:3      | Found a sacrificial altar of Ru.
  4288 | D:3      | Became a worshipper of Beogh the Brigand
  5497 | D:3      | Reached skill level 6 in Axes
  5860 | D:4      | Reached XP level 7. HP: 45/57 MP: 9/9
  6333 | D:4      | Found a glowing drain.
  6343 | Sewer    | Entered a sewer
  6397 | Sewer    | Acquired Beogh's first power
  6463 | Sewer    | Slain by a big kobold

Vault maps used:
D:1:      dpeg_arrival_rooms_c, hangedman_decor_slide_cut,
          minmay_misc_feat_ornament, minivault_26, fountainhead,
          minmay_door_square
D:2:      st_stairs_4
D:3:      lemuel_round_altar, first_bread, minivault_14, uniq_sigmund,
          uniq_terence
D:4:      old_standard_altar, gup_sewer_entry_pipe, kennysheep_generic_room_5
Sewer:    sewer_co_15_rooms

Action                   |  1- 3 |  4- 6 |  7- 9 || total
-------------------------+-------+-------+-------++-------
Melee: War axe           |    68 |   109 |    79 ||   256
       Short sword       |    51 |    21 |       ||    72
       Spear             |    17 |     8 |       ||    25
       Trident           |       |    14 |       ||    14
Throw: Throwing net      |     2 |     4 |       ||     6
Invok: Convert to Beogh  |       |     1 |       ||     1
 Abil: Evoke Flight      |       |     1 |     1 ||     2
  Use: Scroll            |     4 |       |       ||     4
       Potion            |       |     1 |     1 ||     2
 Stab: Held in net/web   |       |     4 |       ||     4
       Sleeping          |       |     2 |       ||     2
       Distracted        |       |     1 |       ||     1
  Eat: Meat ration       |     1 |       |       ||     1
       Fruit             |     5 |       |       ||     5
       Bread ration      |       |     2 |       ||     2
